 Dungeon Sprint DCSS version 0.18-a0-1140-g8540535 (webtiles) character file.

690 Sphara the Grappler (level 7, -3/52 HPs)
             Began as a Pale Draconian Arcane Marksman on Jan 21, 2016.
             Was the Champion of Cheibriados.
             Killed from afar by a fire drake (22 damage)
             ... with a blast of flame
             ... in the Dungeon (Sprint VII: "The Pits").
             The game lasted 00:03:50 (651 turns).

Sphara the Grappler (Pale Draconian Arcane Marksman) Turns: 651, Time: 00:03:50

Health: -3/52      AC:  6    Str: 31    XL:     7   Next: 36%
Magic:  2/11       EV: 13    Int: 28    God:    Cheibriados [******]
Gold:   0          SH:  0    Dex: 25    Spells: 1 memorised, 7 levels left

rFire  . . .     SeeInvis .       - Unarmed
rCold  . . .     Gourm    .     (armour unavailable)
rNeg   . . .     Faith    .     (no shield)
rPois  .         Spirit   .     (helmet restricted)
rElec  .         Dismiss  .     (no cloak)
rCorr  .         Reflect  .     (no gloves)
SustAt .         Harm     .     (no boots)
MR     .....     NoTele   +     (no amulet)
Stlth  ++........               (no ring)
                                (no ring)

@: lethally poisoned (-3 -> -5), very slightly contaminated, invisible, very
slow, not resistant to hostile enchantments, unstealthy
A: breathe steam, unfitting armour, cold-blooded, AC +6
a: Breathe Steam, Bend Time, Temporal Distortion, Slouch, Step From Time,
Renounce Religion


You were in the Dungeon.
You worshipped Cheibriados.
Cheibriados was exalted by your worship.
You were not hungry.

You visited 1 branch

Inventory:

Missiles
 b - 5 javelins (quivered)
 c - a throwing net
Scrolls
 j - a scroll of blinking
 n - 3 scrolls of remove curse
 o - 5 scrolls of amnesia
 p - a scroll of summoning
Potions
 e - 6 potions of curing
 f - 6 potions of heal wounds
 h - 4 potions of magic
Books
 a - a book of Debilitation

   Spells                             Type                      Level
   a - Corona                         Hexes                        1
   b - Slow                           Hexes                        2
   c - Gell's Gravitas                Hexes/Translocation          3
   d - Inner Flame                    Hexes/Fire                   3
   e - Cause Fear                     Hexes                        4
   f - Leda's Liquefaction            Hexes/Earth                  4
Comestibles
 d - 8 bread rations
 k - 40 fruits
 l - 7 meat rations


   Skills:
 - Level 1.1 Fighting
 + Level 8.3 Throwing
 - Level 1.7 Dodging
 * Level 12.2 Unarmed Combat
 - Level 1.0 Spellcasting
 - Level 2.6 Hexes
 * Level 5.3 Invocations


You had 7 spell levels left.
You knew the following spells:

 Your Spells              Type           Power        Failure   Level  Hunger
a - Corona                Hex            ###....      4%          1    ##.....


Dungeon Overview and Level Annotations

Branches:
Dungeon (1/1)

Altars:
Ashenzari
Cheibriados
Dithmenos
Elyvilon
Fedhas
Kikubaaqudgha
Makhleb
Nemelex Xobeh
Okawaru
Pakellas
Ru
Sif Muna
Trog
Vehumet
Xom
Yredelemnul
Zin
The Shining One
Beogh
Jiyva
Lugonu


Innate Abilities, Weirdness & Mutations

You can breathe blasts of scalding, opaque steam.
Your pale cyan-grey scales are hard (AC +6).
Your body does not fit into most forms of armour.
You are cold-blooded and may be slowed by cold attacks.


Message History

Your Throwing skill increases to level 8!
Your Invocations skill increases to level 4!
You kill the killer bee!
Cheibriados thoroughly appreciates the change of pace.
Your Unarmed Combat skill increases to level 12!
You feel somewhat more hungry.
Cheibriados lowers the support of your attributes as your movement quickens.
You feel sick.
You pummel the big kobold!!
You kill the big kobold!
Cheibriados thoroughly appreciates the change of pace.
Cheibriados raises the support of your attributes as your movement slows.
Your Invocations skill increases to level 5!
You feel sick.
Things that are here:
a whip; a stone; a killer bee corpse You feel sick.
The killer bee closely misses you. The fire drake breathes flames at you.
The blast of flame hits you!
You die...

..#..##................#
..#))#####'#####''######
###))##.......##''#
.(#))##.......##..##
).#[[##.......##...##
)##'###...<...###...##+##.
.....##.......# ##........
.....##.......###)†###+###
#######.......##@.## ..#
##########yk+ ..# #..# ..#
##.. .##+# ##.. ..#4+ ..#
..#+# .## ..')# ## #####


You could see a fire drake and a killer bee.

Vanquished Creatures
  A phantom (D)
  A centaur (D)
  2 big kobolds (D)
  5 killer bees (D)
  A gnoll shaman (D)
  An orc wizard (D)
  Ijyb (D)
  3 worker ants (D)
  An adder (D)
  2 oozes (D)
  2 orcs (D)
  A goblin (D)
  A giant gecko skeleton (D)
  A kobold (D)
  A rat (D)
24 creatures vanquished.

Notes
Turn   | Place    | Note
--------------------------------------------------------------
     0 | D        | Sphara the Draconian Arcane Marksman began the quest for the Orb.
     0 | D        | Reached XP level 1. HP: 16/16 MP: 2/2
    19 | D        | Noticed a worker ant
    26 | D        | Killed a worker ant
    26 | D        | Reached skill level 3 in Throwing
    26 | D        | Reached skill level 4 in Unarmed Combat
    26 | D        | Reached XP level 2. HP: 23/23 MP: 3/3
    53 | D        | Found a sacrificial altar of Ru.
    53 | D        | Found a shadowy altar of Dithmenos.
    53 | D        | Found a bloodstained altar of Trog.
    53 | D        | Found a deep blue altar of Sif Muna.
    53 | D        | Found a shimmering altar of Xom.
    53 | D        | Found a sparkling altar of Nemelex Xobeh.
    53 | D        | Found a corrupted altar of Lugonu.
    53 | D        | Found a viscous altar of Jiyva.
    54 | D        | Found a basalt altar of Yredelemnul.
    54 | D        | Found a glowing golden altar of the Shining One.
    54 | D        | Found a shattered altar of Ashenzari.
    54 | D        | Found a white marble altar of Elyvilon.
    54 | D        | Found a snail-covered altar of Cheibriados.
    54 | D        | Found a blossoming altar of Fedhas.
    54 | D        | Found a radiant altar of Vehumet.
    54 | D        | Found a burning altar of Makhleb.
    54 | D        | Found an ancient bone altar of Kikubaaqudgha.
    54 | D        | Found a glowing silver altar of Zin.
    54 | D        | Found a roughly hewn altar of Beogh.
    54 | D        | Found an iron altar of Okawaru.
    55 | D        | Found an oddly glowing altar of Pakellas.
    59 | D        | Became a worshipper of Cheibriados the Contemplative
    99 | D        | Reached XP level 3. HP: 24/28 MP: 4/4
   144 | D        | Reached * piety under Cheibriados
   144 | D        | Reached skill level 5 in Unarmed Combat
   147 | D        | Noticed Ijyb
   147 | D        | Noticed a big kobold
   149 | D        | Noticed a centaur
   160 | D        | Killed a centaur
   160 | D        | Reached ** piety under Cheibriados
   160 | D        | Reached skill level 5 in Throwing
   160 | D        | Reached skill level 7 in Unarmed Combat
   160 | D        | Reached XP level 4. HP: 27/35 MP: 5/5
   167 | D        | Killed Ijyb
   167 | D        | Reached skill level 8 in Unarmed Combat
   167 | D        | Reached XP level 5. HP: 29/40 MP: 6/6
   173 | D        | Reached skill level 9 in Unarmed Combat
   182 | D        | Noticed a phantom
   191 | D        | Killed a phantom
   191 | D        | Reached skill level 10 in Unarmed Combat
   191 | D        | Reached XP level 6. HP: 21/47 MP: 7/7
   334 | D        | Reached *** piety under Cheibriados
   350 | D        | Reached **** piety under Cheibriados
   362 | D        | Reached skill level 11 in Unarmed Combat
   372 | D        | Reached ***** piety under Cheibriados
   556 | D        | Reached skill level 1 in Invocations
   583 | D        | Noticed an ice devil
   643 | D        | Noticed a fire drake
   648 | D        | Reached XP level 7. HP: 21/52 MP: 7/9
   648 | D        | Your scales start taking on a pale cyan-grey colour.
   648 | D        | Reached ****** piety under Cheibriados
   648 | D        | Reached skill level 12 in Unarmed Combat
   649 | D        | Reached skill level 5 in Invocations
   651 | D        | Killed from afar by a fire drake

Vault maps used:
D:        pitsprint

Action                   |  1- 3 |  4- 6 |  7- 9 || total
-------------------------+-------+-------+-------++-------
Melee: Unarmed           |    24 |    54 |     1 ||    79
Throw: Javelin           |     5 |     5 |       ||    10
       Throwing net      |     3 |       |       ||     3
Invok: Slouch            |       |       |     1 ||     1
  Use: Potion            |     1 |     1 |       ||     2
 Stab: Invisible         |     2 |     3 |       ||     5
       Held in net/web   |     2 |       |       ||     2
       Sleeping          |       |     1 |       ||     1
